 Dungeon Crawl Stone Soup version 0.26.1-11-gd32895ea62 (webtiles) character file.

Game seed: 10528024435019215925

1890 KamiKatze the Chiller (level 9, -2/57 HPs)
             Began as a Merfolk Ice Elementalist on Apr 27, 2021.
             Was a Follower of Vehumet.
             Slain by Harold
             ... wielding a +1 vorpal long sword
              (19 damage)
             ... on level 7 of the Dungeon.
             The game lasted 00:56:08 (8462 turns).

KamiKatze the Chiller (Merfolk Ice Elementalist)    Turns: 8462, Time: 00:56:09

Health: -2/57      AC: 11    Str:  9    XL:     9   Next: 15%
Magic:  7/16       EV: 16    Int: 17    God:    Vehumet [*.....]
Gold:   409        SH:  6    Dex: 22    Spells: 3/18 levels left

rFire    + . .     SeeInvis .   w - +0 trident
rCold    . . .     Faith    .   r - +0 buckler
rNeg     . . .     Spirit   .   m - +0 robe (curse)
rPois    .         Reflect  .   (no helmet)
rElec    .         Harm     .   (no cloak)
rCorr    .         Rampage  .   v - +0 pair of gloves
Will     +....                  i - +0 pair of boots of the Six of Swords {rF+ Dex+8}
Stlth    +++.......             (no amulet)
HPRegen  0.19/turn              t - ring of willpower
MPRegen  0.15/turn              (no ring)

@: icy armour, frozen ramparts
A: change form in water, swift swim, stealthy swim
a: Renounce Religion


You were on level 7 of the Dungeon.
You worshipped Vehumet.
Vehumet was aware of your devotion.
You visited 2 branches of the dungeon, and saw 8 of its levels.
You also visited: Sewer.

You collected 409 gold pieces.

Inventory:

Hand Weapons
 a - a +1 spear
 w - a +0 trident (weapon)
Armour
 d - a +1 robe
 i - the +0 pair of boots of the Six of Swords (worn) {rF+ Dex+8}
   (You found it in a sewer)

   It affects your dexterity (+8).
   It protects you from fire.
 k - a +0 pair of boots
 m - a cursed +0 robe (worn)
 r - a +0 buckler (worn)
 v - a +0 pair of gloves (worn)
Jewellery
 t - a ring of willpower (left hand)
Wands
 p - a wand of paralysis (13)
Scrolls
 b - a scroll of remove curse
 f - 4 scrolls of teleportation
 g - 3 scrolls of fear
 h - 5 scrolls of blinking
 l - a scroll of enchant armour
 s - 2 scrolls of enchant weapon
Potions
 c - 2 potions of attraction
 e - 2 potions of flight
 j - 3 potions of brilliance
 n - 3 potions of lignification
 o - a potion of haste
 q - 2 potions of curing
 u - a potion of resistance {unknown}


   Skills:
 * Level 4.7 Polearms
 + Level 5.3 Dodging
 - Level 4.0 Stealth
 - Level 4.0 Shields
 * Level 5.2 Spellcasting
 * Level 3.0 Conjurations
 * Level 2.5 Summonings
 * Level 7.4 Ice Magic


You had 3 spell levels left.
You knew the following spells:

 Your Spells              Type           Power        Failure   Level
a - Freeze                Ice            100%         1%          1
b - Frozen Ramparts       Ice            58%          1%          3
c - Ozocubu's Armour      Ice            29%          1%          3
d - Hailstorm             Conj/Ice       22%          16%         4
e - Summon Ice Beast      Ice/Summ       21%          17%         4

Your spell library contained the following spells:

 Spells                   Type           Power        Failure   Level
 Magic Dart               Conj           56%          4%          1


Dungeon Overview and Level Annotations

Branches:
Dungeon (7/15)             Temple (1/1) D:6           Sewer (visited)

Altars:
Ashenzari
Cheibriados
Dithmenos
Elyvilon
Fedhas
Gozag
Hepliaklqana
Kikubaaqudgha
Makhleb
Nemelex Xobeh
Okawaru
Qazlal
Ru
Sif Muna
Trog
Uskayaw
Vehumet
Wu Jian
Xom
Yredelemnul
Zin
The Shining One

Annotations:
D:7 Harold


Message History

Casting: Ozocubu's Armour (safe; 1% risk of failure)
Confirm with . or Enter, or press ? or * to list all spells.
Aiming: Freeze (safe; 1% risk of failure)
Press: ? - help, Shift-Dir - straight line, f - Harold
Aim: Harold, wielding a +1 vorpal long sword, wearing a +0 scale mail and quivering 2 throwing nets (lightly wounded)
You freeze Harold.
Harold is lightly wounded.
The frozen ramparts melt away.
Harold hits you with a +1 vorpal long sword.
* * * LOW HITPOINT WARNING * * *
x2 Unknown command.
Casting: Freeze (safe; 1% risk of failure)
Confirm with . or Enter, or press ? or * to list all spells.
Casting: Frozen Ramparts (safe; 1% risk of failure)
Press: ? - help, Dir - look around, f - activate A stone staircase leading down, spattered with blood.
The walls around you are covered in ice.
The wall freezes Harold!
Harold hits you with a +1 vorpal long sword!!
You die...

..#.##
#.....#######..........#
.##.#
#.............#........#
###.#
#....#######...........#
# #.#
####.####.....#.....>..#
#.#
###.#....##..#.........#
#.#
#.....######...........#
#.# ###.##..###
#...........#
###.####...###...#
#.##..#####.#
.........### ###@#
#.###.# .# ..>.#...##
#@# #.# ... .........##
#.. .. #. ..........#
#... ..........# #....
..[.......# ##....
.........## .....
...##...## ......
#########


You could see Harold.

Vanquished Creatures
  Joseph (D:7)
  Prince Ribbit (D:7)
  2 ice beasts
  A phantom (D:4)
  A sky beast (D:5)
  3 ogres
  A bullfrog (D:4)
  An electric eel (D:6)
  A howler monkey (D:6)
  2 hounds
  An orc wizard (D:6)
  A centaur skeleton (D:4)
  2 worker ants
  An iguana (D:6)
  2 hound skeletons
  2 worker ant zombies
  3 gnolls (D:2)
  9 adders
  9 river rats (D:6)
  4 oozes
  2 adder zombies (D:5)
  7 worms
  2 dart slugs
  5 leopard geckos
  9 orcs
  17 bats
  A bat skeleton (D:2)
  A bat zombie (D:2)
  6 giant cockroaches
  6 goblins
  9 hobgoblins
  7 jackals
  10 kobolds
  11 quokkas
  3 ball pythons
  9 frilled lizards
  A leopard gecko zombie (D:5)
  A quokka skeleton (D:2)
  25 rats
180 creatures vanquished.

Vanquished Creatures (others)
  A quokka skeleton (D:7)
  A plant (D:6)
2 creatures vanquished.

Grand Total: 182 creatures vanquished

Notes
Turn   | Place    | Note
-------+----------+-------------------------------------------
     0 | D:1      | KamiKatze the Merfolk Ice Elementalist began the quest for
                  | the Orb.
     0 | D:1      | Reached XP level 1. HP: 13/13 MP: 3/3
   196 | D:1      | Reached XP level 2. HP: 19/19 MP: 1/5
   643 | D:1      | Reached XP level 3. HP: 12/24 MP: 4/6
   648 | D:1      | Learned a level 3 spell: Frozen Ramparts
   652 | D:1      | Learned a level 3 spell: Ozocubu's Armour
   952 | D:2      | Reached skill level 5 in Ice Magic
  1244 | D:2      | Reached XP level 4. HP: 30/30 MP: 4/8
  1426 | D:2      | Found a stormy altar of Qazlal.
  2049 | D:2      | Reached XP level 5. HP: 35/35 MP: 5/9
  2252 | D:3      | Found a bloodstained altar of Trog.
  3184 | D:4      | Noticed an ogre
  3189 | D:4      | Killed an ogre
  3190 | D:4      | Reached skill level 1 in Polearms
  3190 | D:4      | Reached XP level 6. HP: 41/41 MP: 4/11
  3270 | D:4      | Learned a level 4 spell: Hailstorm
  3443 | D:4      | Reached skill level 6 in Ice Magic
  3516 | D:4      | Noticed a phantom
  3698 | D:4      | Got a shimmering ring mail
  3709 | D:4      | Identified the cursed +0 ring mail "Munosask" {Str+7 Dex-2}
                  | (You found it on level 4 of the Dungeon)
  3937 | D:4      | Reached skill level 1 in Conjurations
  3937 | D:4      | Reached XP level 7. HP: 46/46 MP: 6/13
  4161 | D:5      | Entered Level 5 of the Dungeon
  4231 | D:5      | HP: 2/46 [ice beast (9)]
  4474 | D:5      | Found a glowing drain.
  4478 | Sewer    | Entered a sewer
  5035 | Sewer    | Got a pair of scorched boots
  5043 | Sewer    | Identified the +0 pair of boots of the Six of Swords {rF+
                  | Dex+8} (You found it in a sewer)
  5301 | D:4      | Learned a level 4 spell: Summon Ice Beast
  5423 | D:5      | Reached XP level 8. HP: 37/52 MP: 10/14
  5909 | D:6      | Reached skill level 1 in Summonings
  6061 | D:6      | Found a staircase to the Ecumenical Temple.
  6078 | Temple   | Entered the Ecumenical Temple
  6161 | Temple   | Became a worshipper of Vehumet
  6303 | D:6      | Reached skill level 1 in Shields
  6745 | D:6      | Reached * piety under Vehumet
  6745 | D:6      | Offered knowledge of Magic Dart by Vehumet.
  7203 | D:7      | Noticed Joseph
  7708 | D:7      | Noticed Prince Ribbit
  7715 | D:7      | Killed Prince Ribbit
  7716 | D:7      | Reached skill level 5 in Dodging
  7716 | D:7      | Reached skill level 7 in Ice Magic
  7979 | D:7      | Killed Joseph
  7980 | D:7      | Reached skill level 5 in Spellcasting
  7980 | D:7      | Reached XP level 9. HP: 23/57 MP: 9/16
  8453 | D:7      | Noticed Harold
  8462 | D:7      | Slain by Harold

Illustrated notes

Levels and vault maps discovered:
D:1:      nagdon_arrival_double_spiral, layout_basic
D:2:      mumra_celtic_spiral_tile, layout_basic, serial_undead,
          serial_undead_d, serial_undead_c, serial_undead_c, serial_undead_d,
          grunt_qazlal_sundering
D:3:      layout_basic, bloody_trog
D:4:      layout_basic
D:5:      layout_basic, gup_sewer_entry_spiral
D:6:      lemuel_ratsnest, layout_basic, minmay_temple_entry_stoned_glass,
          serial_bayou_ford_a
D:7:      layout_rooms, uniq_joseph, uniq_harold, uniq_prince_ribbit1
Temple:   grunt_wide_crystal_templ

Skill      XL: |  1  2  3  4  5  6  7  8  9 |
---------------+----------------------------+-----
Ice Magic      | 5 6 7 |  7.4
Dodging        | 3 4 5 |  5.3
Spellcasting   | 3 4 5 |  5.2
Stealth        | 3 4 |  4.0
Polearms       | 1 2 3 4 |  4.7
Conjurations   | 1 2 3 |  3.0
Summonings     | 2 |  2.5
Shields        | 4 |  4.0

Action                   |  1- 3 |  4- 6 |  7- 9 || total
-------------------------+-------+-------+-------++-------
Melee: Club              |     3 |       |       ||     3
       Spear             |    55 |   155 |   304 ||   514
       Tailslap          |       |       |     1 ||     1
       Trident           |       |       |    24 ||    24
 Cast: Freeze            |    25 |    25 |    18 ||    68
       Frozen Ramparts   |     4 |    16 |    34 ||    54
       Ozocubu's Armour  |       |       |     6 ||     6
       Summon Ice Beast  |       |       |     1 ||     1
  Use: Scroll            |       |     4 |    12 ||    16
       Potion            |       |       |     9 ||     9
 Stab: Sleeping          |     3 |     2 |    13 ||    18
       Distracted        |       |       |     1 ||     1
Armor: Robe              |    14 |    26 |    45 ||    85
Dodge: Dodged            |    36 |   107 |   189 ||   332
Block: Buckler           |       |       |     7 ||     7
